AoeStats
← Ohh Madison :P

Arena

509460415Analyzed
4v4 RM · 4d ago on Sep 26, 2026· 30m 50s· 8 players
Game mode
Random Map
Map size
Large (8 player)
Population
200
Speed
Normal
Resources
Standard
Victory
Conquest
Starting age
Dark Age
Ending age
Imperial Age
RankedLock teamsTeams togetherTeam positionsShared explorationLock speedFull tech treeHidden civsTurbo modeCheats
Victory
Defeat
🇩🇪 Britons · Germany
1139
+12
🇩🇪 Bohemians · Germany
1116
+13
🇩🇪 Varangians · Germany
1084
+14
🇩🇪 Vietnamese · Germany
944
+19
🇸🇪 Bohemians · Sweden
1071
-16
🇺🇸 Huns · United States
1042
-15
🇨🇱 Persians · Chile
1034
-14
🇨🇿 Poles · Czechia
993
-13
danieleduka
4:36 Loom
9:33 Feudal Age
12:22 Double-Bit Axe
16:43 Castle Age
15:24 Horse Collar
17:57 Bow Saw
20:38 Wheelbarrow
28:35 Imperial Age
DharasZ
10:27 Feudal Age
11:09 Double-Bit Axe
11:08 Horse Collar
12:18 Wheelbarrow
15:30 Gold Mining
18:07 Castle Age
17:38 Loom
18:51 Heavy Plow
19:02 Bow Saw
19:41 Town Watch
21:11 Hand Cart
White
9:40 Loom
11:37 Feudal Age
17:07 Castle Age
15:24 Horse Collar
17:01 Double-Bit Axe
19:17 Squires
21:03 Fletching
ladek23
0:27 Loom
11:56 Feudal Age
12:23 Double-Bit Axe
12:22 Horse Collar
12:36 Gold Mining
20:22 Castle Age
22:37 Pikeman
23:40 Heavy Plow
23:55 Bow Saw
23:45 Stone Mining
24:36 Forging
26:39 Fletching
Ohh Madison :P
11:07 Feudal Age
13:06 Loom
15:38 Castle Age
14:45 Double-Bit Axe
14:44 Horse Collar
19:26 Wheelbarrow
19:48 Scale Barding Armor
25:27 Chain Barding Armor
25:18 Forging
29:21 Iron Casting
29:03 Bloodlines
28:53 Husbandry
29:39 Hand Cart
Kampfschafadmiral
11:08 Feudal Age
15:35 Castle Age
13:45 Double-Bit Axe
14:05 Horse Collar
16:52 Bow Saw
17:08 Heavy Plow
19:30 Pikeman
22:31 Fervor
Philister
2:34 Loom
12:06 Feudal Age
20:02 Castle Age
18:13 Horse Collar
18:54 Fletching
20:11 Padded Archer Armor
20:07 Double-Bit Axe
20:26 Gold Mining
21:12 Crossbowman
23:03 Thumb Ring
26:01 Leather Archer Armor
25:45 Bodkin Arrow
28:31 Wheelbarrow
28:13 Bow Saw
28:06 Heavy Plow
27:32 Pikeman
28:14 Squires
29:18 Hand Cart
DS
10:34 Feudal Age
14:37 Castle Age
12:59 Double-Bit Axe
13:08 Horse Collar
14:59 Pikeman
18:01 Forging
20:32 Scale Mail Armor
24:55 Squires
28:03 Bow Saw
27:55 Heavy Plow
29:46 Iron Casting
29:27 Chain Mail Armor
Connection lost

Rejoining the realm…

Still unreachable

The connection could not be restored.

Session expired

The server has moved on; the page needs a fresh start.